TOP OF THE 1ST |
Seattle Rainiers batting - Pitching for Saskatoon Smokin' Guns : RHP Daniel Casey
|
Pitching: RHP Daniel Casey
|
|
Batting: RHB Alfredo Farías
|
0-0: Called Strike 0-1: Ball 1-1: Foul Ball, location: 2F 1-2: Foul Ball, location: 2F 1-2: Ball 2-2: Strikes out swinging
|
Batting: LHB Kelsey Scott
|
0-0: Ball 1-0: Foul Ball, location: 2F 1-1: Swinging Strike 1-2: Foul Ball, location: 2F 1-2: Ball 2-2: Ball 3-2: SINGLE (Line Drive, 8RS)
|
Batting: LHB Tom Craft
|
0-0: Ball 1-0: Called Strike 1-1: Swinging Strike 1-2: Strikes out swinging Kelsey Scott steals 2nd base Batter strikes out.
|
Batting: RHB Doug Williams
|
0-0: Called Strike 0-1: Swinging Strike 0-2: Strikes out swinging
|
Top of the 1st over - 0 run(s), 1 hit(s), 0 error(s), 1 left on base; Seattle 0 - Saskatoon 0 |
BOTTOM OF THE 1ST |
Saskatoon Smokin' Guns batting - Pitching for Seattle Rainiers : RHP Ángel Estrada
|
Pitching: RHP Ángel Estrada
|
|
Batting: RHB Travis Colbert
|
0-0: SINGLE (Groundball, 34D)
|
Batting: RHB Rijk de Rade
|
0-0: Called Strike 0-1: Ball Travis Colbert steals 2nd base 1-1: Swinging Strike 1-2: Foul Ball, location: 2F 1-2: Strikes out swinging
|
Batting: LHB Alejandro Rojas
|
0-0: Ground out 4-3 (Groundball, 34D) Travis Colbert to third
|
Batting: RHB César Rodríguez
|
0-0: Ball 1-0: Swinging Strike 1-1: Swinging Strike 1-2: Strikes out swinging
|
Bottom of the 1st over - 0 run(s), 1 hit(s), 0 error(s), 1 left on base; Seattle 0 - Saskatoon 0 |
TOP OF THE 2ND |
Seattle Rainiers batting - Pitching for Saskatoon Smokin' Guns : RHP Daniel Casey
|
Batting: LHB Carlos Valentín
|
0-0: Ball 1-0: Ball 2-0: Swinging Strike 2-1: Fly out, F9 (Line Drive, 9)
|
Batting: RHB Danny Spode
|
0-0: Called Strike 0-1: Foul Ball, location: 2F 0-2: Ball 1-2: Foul Ball, location: 2F 1-2: Ground out 6-3 (Groundball, 6S)
|
Batting: RHB José Vidal
|
0-0: Called Strike 0-1: Ball 1-1: Called Strike 1-2: Strikes out swinging
|
Top of the 2nd over - 0 run(s), 0 hit(s), 0 error(s), 0 left on base; Seattle 0 - Saskatoon 0 |
BOTTOM OF THE 2ND |
Saskatoon Smokin' Guns batting - Pitching for Seattle Rainiers : RHP Ángel Estrada
|
Batting: RHB Joe Lewis
|
0-0: Called Strike 0-1: Ball 1-1: Called Strike 1-2: Foul Ball, location: 2F 1-2: Ground out 4-3 (Groundball, 4)
|
Batting: SHB Michael Miller
|
0-0: Ground out 4-3 (Groundball, 4)
|
Batting: RHB Henry Jackson
|
0-0: Ball 1-0: Called Strike 1-1: Called Strike 1-2: Ground out 5-3 (Groundball, 5)
|
Bottom of the 2nd over - 0 run(s), 0 hit(s), 0 error(s), 0 left on base; Seattle 0 - Saskatoon 0 |
TOP OF THE 3RD |
Seattle Rainiers batting - Pitching for Saskatoon Smokin' Guns : RHP Daniel Casey
|
Batting: SHB Júlio Ayala
|
0-0: Ground out 4-3 (Groundball, 4M)
|
Batting: RHB Rodrigo García
|
0-0: Ball 1-0: Foul Ball, location: 2F 1-1: Swinging Strike 1-2: Ball 2-2: Ball 3-2: Strikes out swinging
|
Batting: RHB Alfredo Farías
|
0-0: Ball 1-0: Called Strike 1-1: Ball 2-1: Ground out 5-3 (Groundball, 5)
|
Top of the 3rd over - 0 run(s), 0 hit(s), 0 error(s), 0 left on base; Seattle 0 - Saskatoon 0 |
BOTTOM OF THE 3RD |
Saskatoon Smokin' Guns batting - Pitching for Seattle Rainiers : RHP Ángel Estrada
|
Batting: RHB Brendon Little
|
0-0: Ball 1-0: Ball 2-0: Foul Ball, location: 2F 2-1: Swinging Strike 2-2: Foul Ball, location: 2F 2-2: Strikes out swinging
|
Batting: RHB José Chávez
|
0-0: Ball 1-0: Called Strike 1-1: Foul Ball, location: 2F 1-2: Strikes out swinging
|
Batting: RHB Travis Colbert
|
0-0: Ball 1-0: Ball 2-0: Ball 3-0: Called Strike 3-1: Fly out, F1 (Line Drive, 13)
|
Bottom of the 3rd over - 0 run(s), 0 hit(s), 0 error(s), 0 left on base; Seattle 0 - Saskatoon 0 |
TOP OF THE 4TH |
Seattle Rainiers batting - Pitching for Saskatoon Smokin' Guns : RHP Daniel Casey
|
Batting: LHB Kelsey Scott
|
0-0: Ball 1-0: Ball 2-0: Called Strike 2-1: Foul Ball, location: 2F 2-2: Ball 3-2: Fly out, F9 (Flyball, 9LS)
|
Batting: LHB Tom Craft
|
0-0: Ball 1-0: Called Strike 1-1: Ball 2-1: Foul Ball, location: 2F 2-2: Foul Ball, location: 2F 2-2: Foul Ball, location: 2F 2-2: Ball 3-2: Strikes out looking
|
Batting: RHB Doug Williams
|
0-0: Called Strike 0-1: Called Strike 0-2: Ball 1-2: Strikes out swinging
|
Top of the 4th over - 0 run(s), 0 hit(s), 0 error(s), 0 left on base; Seattle 0 - Saskatoon 0 |
BOTTOM OF THE 4TH |
Saskatoon Smokin' Guns batting - Pitching for Seattle Rainiers : RHP Ángel Estrada
|
Batting: RHB Rijk de Rade
|
0-0: Ball 1-0: Called Strike 1-1: Called Strike 1-2: Ball 2-2: Ball 3-2: Foul Ball, location: 2F 3-2: Ground out 1-3 (Groundball, 15S)
|
Batting: LHB Alejandro Rojas
|
0-0: Ground out 5-3 (Groundball, 56)
|
Batting: RHB César Rodríguez
|
0-0: Called Strike 0-1: Called Strike 0-2: Fly out, F7 (Flyball, 7LMF)
|
Bottom of the 4th over - 0 run(s), 0 hit(s), 0 error(s), 0 left on base; Seattle 0 - Saskatoon 0 |
TOP OF THE 5TH |
Seattle Rainiers batting - Pitching for Saskatoon Smokin' Guns : RHP Daniel Casey
|
Batting: LHB Carlos Valentín
|
0-0: Ball 1-0: SINGLE (Groundball, 4MD)
|
Batting: RHB Danny Spode
|
0-0: Ball 1-0: Foul Ball, location: 2F 1-1: Called Strike 1-2: Foul Ball, location: 2F 1-2: Foul Ball, location: 2F 1-2: Ball 2-2: Foul Ball, location: 2F 2-2: Foul Ball, location: 2F 2-2: DOUBLE (Line Drive, 9LS) Carlos Valentín to third
|
Batting: RHB José Vidal
|
0-0: Called Strike 0-1: Ball 1-1: Ball 2-1: Ball 3-1: Ground out 5-3 (Groundball, 56) Carlos Valentín scores
|
Batting: SHB Júlio Ayala
|
0-0: Ball 1-0: Swinging Strike 1-1: Single, Error in OF, E8, batter to second base Danny Spode scores
|
Batting: RHB Rodrigo García
|
0-0: Swinging Strike 0-1: Fly out, F4 (Line Drive, 4)
|
Batting: RHB Alfredo Farías
|
0-0: Foul Ball, location: 2F 0-1: Foul Ball, location: 2F 0-2: Ground out 4-3 (Groundball, 4)
|
Top of the 5th over - 2 run(s), 3 hit(s), 1 error(s), 1 left on base; Seattle 2 - Saskatoon 0 |
BOTTOM OF THE 5TH |
Saskatoon Smokin' Guns batting - Pitching for Seattle Rainiers : RHP Ángel Estrada
|
Batting: RHB Joe Lewis
|
0-0: Ball 1-0: Ball 2-0: Swinging Strike 2-1: Foul Ball, location: 2F 2-2: Foul Ball, location: 2F 2-2: Strikes out looking
|
Batting: SHB Michael Miller
|
0-0: Ball 1-0: Called Strike 1-1: Ball 2-1: Called Strike 2-2: Ball 3-2: Base on Balls
|
Batting: RHB Henry Jackson
|
0-0: Ball Michael Miller is caught stealing 2nd base 1-0: Ground out 6-3 (Groundball, 6)
|
Bottom of the 5th over - 0 run(s), 0 hit(s), 0 error(s), 0 left on base; Seattle 2 - Saskatoon 0 |
TOP OF THE 6TH |
Seattle Rainiers batting - Pitching for Saskatoon Smokin' Guns : RHP Daniel Casey
|
Pitching: RHP Guy Farinelli
|
|
Batting: LHB Kelsey Scott
|
0-0: Swinging Strike 0-1: Ball 1-1: Ball 2-1: Foul Ball, location: 2F 2-2: SINGLE (Line Drive, 6)
|
Batting: LHB Tom Craft
|
0-0: Ball 1-0: Ball Wild Pitch! Kelsey Scott to second 2-0: Ball 3-0: Base on Balls
|
Batting: RHB Doug Williams
|
0-0: Called Strike Kelsey Scott steals 3rd base Tom Craft to second 0-1: Ball 1-1: Foul Ball, location: 2F 1-2: Ball 2-2: Ball 3-2: Base on Balls
|
Batting: LHB Carlos Valentín
|
0-0: Foul Ball, location: 2F 0-1: Called Strike 0-2: Strikes out swinging
|
Batting: RHB Danny Spode
|
0-0: Called Strike 0-1: Grounds into fielders choice 4-2 (Groundball, 4) Tom Craft to third Doug Williams to second
|
Batting: RHB José Vidal
|
0-0: Ball 1-0: Ball 2-0: SINGLE (Groundball, 6MD) Tom Craft scores Doug Williams to third Danny Spode to second Runner from 3rd tries for Home, SAFE, no throw
|
Pitching: LHP Ernesto Pérez
|
|
Batting: SHB Júlio Ayala
|
0-0: Swinging Strike 0-1: Swinging Strike 0-2: Strikes out swinging
|
Top of the 6th over - 2 run(s), 2 hit(s), 0 error(s), 2 left on base; Seattle 4 - Saskatoon 0 |
BOTTOM OF THE 6TH |
Saskatoon Smokin' Guns batting - Pitching for Seattle Rainiers : RHP Ángel Estrada
|
Batting: RHB Brendon Little
|
0-0: Ball 1-0: Foul Ball, location: 2F 1-1: Foul Ball, location: 2F 1-2: Foul Ball, location: 2F 1-2: Foul Ball, location: 2F 1-2: Strikes out swinging
|
Batting: RHB José Chávez
|
0-0: Ball 1-0: Called Strike 1-1: Ball 2-1: Ball 3-1: Base on Balls
|
Batting: RHB Travis Colbert
|
0-0: Ball 1-0: Ball 2-0: Ball 3-0: Called Strike 3-1: Base on Balls José Chávez to second
|
Batting: RHB Rijk de Rade
|
0-0: Foul Ball, location: 2F 0-1: Called Strike 0-2: Strikes out swinging
|
Batting: LHB Alejandro Rojas
|
0-0: Called Strike 0-1: Ball 1-1: Foul Ball, location: 2F 1-2: Strikes out swinging
|
Bottom of the 6th over - 0 run(s), 0 hit(s), 0 error(s), 2 left on base; Seattle 4 - Saskatoon 0 |
TOP OF THE 7TH |
Seattle Rainiers batting - Pitching for Saskatoon Smokin' Guns : LHP Ernesto Pérez
|
Batting: RHB Rodrigo García
|
0-0: Swinging Strike 0-1: Swinging Strike 0-2: Strikes out swinging, 2-3 out at first.
|
Batting: RHB Alfredo Farías
|
0-0: Ball 1-0: Ball 2-0: Foul Ball, location: 2F 2-1: Fly out, F9 (Flyball, 9)
|
Batting: LHB Kelsey Scott
|
0-0: Foul Ball, location: 2F 0-1: Called Strike 0-2: Ball 1-2: Ball 2-2: Strikes out swinging
|
Top of the 7th over - 0 run(s), 0 hit(s), 0 error(s), 0 left on base; Seattle 4 - Saskatoon 0 |
BOTTOM OF THE 7TH |
Saskatoon Smokin' Guns batting - Pitching for Seattle Rainiers : RHP Ángel Estrada
|
Batting: RHB César Rodríguez
|
0-0: Ball 1-0: Ground out 6-3 (Groundball, 6)
|
Pitching: RHP Jesús Arredondo
|
|
Batting: RHB Joe Lewis
|
0-0: Foul Ball, location: 2F 0-1: Swinging Strike 0-2: Strikes out swinging
|
Batting: SHB Michael Miller
|
0-0: Ball 1-0: Swinging Strike 1-1: Ball 2-1: Foul Ball, location: 2F 2-2: Strikes out looking
|
Bottom of the 7th over - 0 run(s), 0 hit(s), 0 error(s), 0 left on base; Seattle 4 - Saskatoon 0 |
TOP OF THE 8TH |
Seattle Rainiers batting - Pitching for Saskatoon Smokin' Guns : LHP Ernesto Pérez
|
Batting: LHB Tom Craft
|
0-0: Called Strike 0-1: Ball 1-1: Called Strike 1-2: Ball 2-2: Fly out, F6 (Line Drive, 6)
|
Batting: RHB Doug Williams
|
0-0: Swinging Strike 0-1: Ball 1-1: Foul Ball, location: 2F 1-2: Foul Ball, location: 2F 1-2: Strikes out swinging
|
Batting: LHB Carlos Valentín
|
0-0: Called Strike 0-1: Foul Ball, location: 2F 0-2: DOUBLE (Flyball, 89XD)
|
Batting: RHB Danny Spode
|
0-0: Called Strike 0-1: Foul Ball, location: 2F 0-2: Strikes out swinging
|
Top of the 8th over - 0 run(s), 1 hit(s), 0 error(s), 1 left on base; Seattle 4 - Saskatoon 0 |
BOTTOM OF THE 8TH |
Saskatoon Smokin' Guns batting - Pitching for Seattle Rainiers : RHP Jesús Arredondo
|
Batting: RHB Henry Jackson
|
0-0: Ball 1-0: Ground out U3 (Groundball, 34)
|
Batting: RHB Brendon Little
|
0-0: Ball 1-0: Fly out, F1 (Line Drive, 13)
|
Batting: RHB José Chávez
|
0-0: Swinging Strike 0-1: Foul Ball, location: 2F 0-2: Ball 1-2: Strikes out looking
|
Bottom of the 8th over - 0 run(s), 0 hit(s), 0 error(s), 0 left on base; Seattle 4 - Saskatoon 0 |
TOP OF THE 9TH |
Seattle Rainiers batting - Pitching for Saskatoon Smokin' Guns : LHP Ernesto Pérez
|
Batting: RHB José Vidal
|
0-0: Called Strike 0-1: Foul Ball, location: 2F 0-2: Ball 1-2: Foul Ball, location: 2F 1-2: Ball 2-2: Ball 3-2: Foul Ball, location: 2F 3-2: Foul Ball, location: 2F 3-2: Base on Balls
|
Batting: SHB Júlio Ayala
|
0-0: Called Strike 0-1: SINGLE (Groundball, 4MD) José Vidal to second Runner from 2nd tries for 3rd, SAFE, throw made to third
|
Batting: RHB Rodrigo García
|
0-0: Fly out, F6 (Popup, 6MD)
|
Batting: RHB Alfredo Farías
|
0-0: Ball 1-0: Swinging Strike 1-1: Fielders Choice at 2nd, 4-6 (Groundball, 34) José Vidal scores
|
Pitching: RHP Luis Mejía
|
|
Batting: LHB Kelsey Scott
|
0-0: Ball Alfredo Farías is caught stealing 2nd base
|
Top of the 9th over - 1 run(s), 1 hit(s), 0 error(s), 0 left on base; Seattle 5 - Saskatoon 0 |
BOTTOM OF THE 9TH |
Saskatoon Smokin' Guns batting - Pitching for Seattle Rainiers : RHP Jesús Arredondo
|
Now at 1B: Claas van der Kuijl
|
|
Batting: RHB Travis Colbert
|
0-0: SINGLE (Flyball, 89S)
|
Batting: RHB Rijk de Rade
|
0-0: Ball 1-0: Ball 2-0: Foul Ball, location: 2F 2-1: Called Strike 2-2: Ball 3-2: Foul Ball, location: 2F 3-2: Foul Ball, location: 2F 3-2: Strikes out swinging Travis Colbert is caught stealing 2nd base Batter strikes out.
|
Batting: LHB Alejandro Rojas
|
0-0: Called Strike 0-1: Foul Ball, location: 2F 0-2: Strikes out swinging
|
Bottom of the 9th over - 0 run(s), 1 hit(s), 0 error(s), 0 left on base; Seattle 5 - Saskatoon 0 |
|